 Dungeon Crawl Stone Soup version 0.31-a0-236-g9a0961fb85 (webtiles) character file.

Game seed: 1030668517088518039

101 qw the Shooter (level 4, -2/26 HPs)
             Began as a Gargoyle Hexslinger on July 10, 2023.
             Slain by an orc wizard
             ... wielding a +1 dagger of protection
              (5 damage)
             ... on level 3 of the Dungeon.
             The game lasted 00:00:53 (1366 turns).

qw the Shooter (Gargoyle Hexslinger)                Turns: 1366, Time: 00:00:53

Health: -2/26      AC:  7    Str: 17    XL:     4   Next: 75%
Magic:  5/5        EV: 11    Int: 14    God:
Gold:   82         SH:  0    Dex: 14    Spells: 4/5 levels left

rFire   . . .        Y - +1 sling
rCold   . . .        (no shield)
rNeg    + . .        b - +0 leather armour
rPois   inf          h - +0 helmet
rElec   +            (no cloak)
rCorr   .            (no gloves)
SInv    .            (no boots)
Will    .....        (no amulet)
Stlth   +            d - +6 ring of strength
HPRegen 0.24/turn    (no ring)
MPRegen 0.09/turn

%: no passive effects
@: no status effects
A: sickness immunity, AC +3, negative energy resistance 1, electricity
resistance, torment resistance 1, petrification resistance
a: no special abilities


You were on level 3 of the Dungeon.
You visited 1 branch of the dungeon, and saw 3 of its levels.

You collected 82 gold pieces.


Innate Abilities, Weirdness & Mutations

You are immune to sickness and miasma.
Your stone body is resilient. (AC +3)
You are immune to poison.
You resist negative energy. (rN+)
You are resistant to electric shocks. (rElec)
You are resistant to unholy torment.
You are immune to petrification.


   Skills:
 - Level 2.0 Fighting
 + Level 4.5 Ranged Weapons
 - Level 1.5 Dodging
 - Level 1.0 Spellcasting
 - Level 2.6 Hexes


You had 4 spell levels left.
You knew the following spells:

 Your Spells              Type           Power      Damage    Failure   Level
a - Slow                  Hex            32%        N/A       11%         1

Your spell library contained the following spells:

 Spells                   Type           Power      Damage    Failure   Level
 Inner Flame              Hex/Fire       4%         N/A       50%         3
 Portal Projectile        Hex/Tloc       8%         N/A       50%         3
 Cause Fear               Hex            4%         N/A       71%         4

Inventory:

Hand Weapons
 Y - a +1 sling (weapon)
Armour
 b - a +0 leather armour (worn)
 h - a +0 helmet (worn)
Jewellery
 d - a +6 ring of strength (left hand)
 j - an amulet of the acrobat
Scrolls
 c - a scroll of amnesia {unknown}
 e - a scroll of teleportation
Potions
 a - 2 potions of resistance {unknown}
 f - a potion of brilliance {unknown}
 g - 2 potions of might {unknown}
 i - a potion of mutation {unknown}
 k - a potion of ambrosia {unknown}

Dungeon Overview and Level Annotations

Branches:
Dungeon (3/15)

Altars:


Message History

Something hits you.
You shoot a sling bullet. Something hits you but does no damage.
You shoot a sling bullet. Something hits you but does no damage.
You hear some strange, mumbled words.
You are confused.
You shoot a sling bullet.
An orc wizard appears from thin air!
Reactivating autopickup.
The orc wizard closely misses you.
The orc wizard hits you but does no damage.
The orc wizard hits you with a +1 dagger of protection.
The orc wizard closely misses you.
The orc wizard hits you but does no damage.
You feel less confused. The orc wizard closely misses you.
You shoot a sling bullet. The sling bullet hits the orc wizard.
The orc wizard is lightly wounded.
The orc wizard mumbles some strange words.
The orc wizard flickers and vanishes!
Deactivating autopickup; reactivate with Ctrl-A.
You shoot a sling bullet.
You hear some strange, mumbled words.
Something tries to affect you, but you resist.
You shoot a sling bullet. Something hits you.
You shoot a sling bullet. Something hits you but does no damage.
Something hits you.
You shoot a sling bullet. Something hits you.
You shoot a sling bullet.
You hear some strange, mumbled words.
A puff of flame appears from out of thin air!
The puff of flame hits you.
You shoot a sling bullet.
Something hits you but does no damage. x2
You shoot a sling bullet. Something hits you.
You die...

####### #.. .......
#.....# #..........
#.....# ..........
#.....# ..........
###.....# ###....)..
###.......# #.......
....#.....# #...#)#
#####.....# #.@{#
....#.....# #..##
.......#### #.## <.
....#### #.###.....
.....#### ###.........
.##.....#####...###.....
.....##.................
.#.#.#.....##...###.....
.#.....##..##.........>.


There were no monsters in sight!

Vanquished Creatures
  Terence (D:2)
  An adder (D:3)
  A worm (D:2)
  5 orcs
  5 endoplasms
  4 hobgoblins
  5 kobolds
  5 quokkas
  6 ball pythons
  8 bats
  2 frilled lizards (D:1)
  8 goblins
  4 rats
  A spectral kobold (D:1)
56 creatures vanquished.

Notes
Turn   | Place    | Note
-------+----------+-------------------------------------------
     0 | D:1      | qw the Gargoyle Hexslinger began the quest for the Orb.
     0 | D:1      | Reached XP level 1. HP: 12/12 MP: 2/2
     0 | D:1      | 0 ||| qw: Version: 0.3-a-52-g30416fa
     0 | D:1      | 0 ||| qw: Game counter: 4666
     0 | D:1      | 0 ||| qw: Melee chars always use a shield: true
     0 | D:1      | 0 ||| qw: God list: Okawaru
     0 | D:1      | 0 ||| qw: Allow faded altars: false
     0 | D:1      | 0 ||| qw: Do Orc after clearing Dungeon:15 true
     0 | D:1      | 0 ||| qw: Do second Lair branch before Depths: true
     0 | D:1      | 0 ||| qw: Lair rune preference: random
     0 | D:1      | 0 ||| qw: Goals: Normal
     0 | D:1      | 0 ||| PLANNING D:1-11
    72 | D:1      | Reached XP level 2. HP: 16/16 MP: 3/3
   114 | D:1      | Found a faded altar of an unknown god.
   174 | D:1      | Reached skill level 3 in Ranged Weapons
   381 | D:1      | 381 ||| UPGRADING to +0 helmet.
   386 | D:1      | 386 ||| UPGRADING to +6 ring of strength.
   387 | D:1      | 387 ||| READING scroll labelled VEECSARASAGH.
   388 | D:1      | 388 ||| READING 2 scrolls labelled FYRHOGA XANACS.
   392 | D:1      | 392 ||| READING scroll labelled OGASEWN NOIL.
   393 | D:1      | 393 ||| DROPPING scroll of poison.
   407 | D:2      | Reached XP level 3. HP: 21/21 MP: 4/4
   564 | D:2      | Noticed Terence
   579 | D:2      | HP: 5/21 [Terence/+0 hand axe (3)]
   580 | D:2      | 580 ||| READING scroll of teleportation.
   583 | D:2      | Killed Terence
   584 | D:2      | Reached skill level 4 in Ranged Weapons
   584 | D:2      | Reached XP level 4. HP: 8/26 MP: 5/5
   765 | D:2      | Identified the +3 spear "Killer Bee's Bane" {heavy, Int+3}
   932 | D:2      | 932 ||| UPGRADING to +0 leather armour.
   942 | D:2      | 942 ||| DROPPING +0 robe.
   943 | D:2      | 943 ||| DROPPING ring of flight.
   944 | D:2      | 944 ||| READING scroll labelled UDIOFI UGATYZA.
   945 | D:2      | 945 ||| READING scroll labelled UFRUIGH LUIFA SOO.
  1363 | D:3      | HP: 6/26 [something (2)]
  1366 | D:3      | Slain by an orc wizard

Levels and vault maps discovered:
D:1:      scummos_arrival_checkerplants, layout_rooms,
          dreamdust_ecumenical_altar_drowned_temple
D:2:      layout_rooms, minmay_strange_pillars, uniq_terence
D:3:      layout_rooms

Skill      XL: |  1  2  3 |
---------------+----------+-----
Ranged Weapons | 3 4 |  4.5
Fighting       | 2 |  2.0
Dodging        | |  1.5
Spellcasting   | |  1.0
Hexes          | |  2.6

Action                     |  1- 3 |  4- 6 || total
---------------------------+-------+-------++-------
   Fire: Sling             |   117 |    90 ||   207
    Use: Scroll            |     4 |     2 ||     6
 Armour: Robe              |     7 |     7 ||    14
         Leather armour    |       |    25 ||    25
  Dodge: Dodged            |    29 |    31 ||    60

Table legend:
 A = Non-vault XP
 B = Vault XP
 C = Vault XP percentage of total XP
 D = Non-vault monster count
 E = Vault monster count
 F = Vault count percentage of total count
                 A         B        C        D         E       F
            +---------+---------+-------+---------+---------+-------
      Total |     108 |      37 |  25.5 |      54 |       2 |   3.6
            +---------+---------+-------+---------+---------+-------
        D:1 |      32 |       1 |   3.0 |      21 |       1 |   4.5
        D:2 |      43 |      36 |  45.6 |      24 |       1 |   4.0
        D:3 |      33 |       0 |   0.0 |       9 |       0 |   0.0
            +---------+---------+-------+---------+---------+-------
